 Dungeon Crawl Stone Soup version 0.31-a0-152-g6aa68a64a1 (webtiles) character file.

Game seed: 9203825818060070585

23 qw the Shooter (level 2, -2/26 HPs)
             Began as a Naga Hunter on June 10, 2023.
             Slain by an adder (4 damage)
             ... on level 2 of the Dungeon.
             The game lasted 00:00:19 (1039 turns).

qw the Shooter (Naga Hunter)                        Turns: 1039, Time: 00:00:20

Health: -2/26      AC:  3    Str: 13    XL:     2   Next: 95%
Magic:  2/2        EV:  9    Int:  9    God:
Gold:   113        SH:  0    Dex: 14    Spells: 1/1 levels left

rFire   . . .        Y - +1 shortbow (chaos)
rCold   . . .        (shield currently unavailable)
rNeg    . . .        c - +0 leather armour
rPois   +            (no helmet)
rElec   .            m - +0 cloak
rCorr   .            (no gloves)
SInv    +            (no barding)
Will    .....        (no amulet)
Stlth   ++           (no ring)
HPRegen 0.24/turn    (no ring)
MPRegen 0.08/turn

%: no passive effects
@: very slow
A: AC +0, large, see invisible, deformed body, poison resistance, slowness 2,
spit poison 1, naga tail 1
a: Spit Poison


You were on level 2 of the Dungeon.
You visited 1 branch of the dungeon, and saw 2 of its levels.

You collected 113 gold pieces.


Innate Abilities, Weirdness & Mutations

Your serpentine skin is tough. (AC +0)
You have supernaturally acute eyesight. (SInv)
Armour fits poorly on your strangely shaped body.
Your system is resistant to poisons. (rPois)
You cover ground very slowly.
You can spit poison.
You have a snake-like lower body.


   Skills:
 - Level 2.0 Fighting
 + Level 4.4 Ranged Weapons
 - Level 1.5 Dodging
 - Level 1.5 Stealth


You had one spell level left.
You didn't know any spells.
Your spell library was empty.

Inventory:

Hand Weapons
 Y - a +1 shortbow of chaos (weapon)
Armour
 c - a +0 leather armour (worn)
 m - a +0 cloak (worn)
Scrolls
 d - a scroll of identify
 f - a scroll of amnesia {unknown}
Potions
 a - a potion of curing {unknown}
 b - a potion of ambrosia {unknown}
 e - a potion of might {unknown}
 g - a potion of cancellation {unknown}
 h - a potion of invisibility {unknown}
 i - a potion of haste {unknown}

Dungeon Overview and Level Annotations

Branches:
Dungeon (2/15)

Altars:


Message History

f - a scroll labelled CEKHEFR WASIUD
Enter note:
Enter note: An adder comes into view.
Enter note:
Enter note: You shoot an arrow.
The arrow hits the adder but does no damage.
The adder hisses angrily.
1030 ||| INVOKING Spit Poison.
Aiming: Spit Poison (2% risk of failure)
Press: ? - help, Shift-Dir - straight line, f/p - adder The splash of poison misses the adder.
You shoot an arrow. The arrow barely misses the adder.
You shoot an arrow. The arrow hits the adder.
The adder suddenly seems more agile.
The adder is lightly wounded.
The adder barely misses you. x2
You shoot an arrow. The arrow closely misses the adder.
The adder bites you.
You shoot an arrow. The arrow hits the adder.
The adder goes berserk!
The adder is moderately wounded.
The adder barely misses you. The adder bites you. x2
You shoot an arrow. The arrow misses the adder.
You have got your breath back.
The adder closely misses you. The adder bites you.
1036 ||| INVOKING Spit Poison.
Aiming: Spit Poison (2% risk of failure)
Press: ? - help, Shift-Dir - straight line, f/p - adder The splash of poison misses the adder.
The adder barely misses you. The adder bites you.
You shoot an arrow. The arrow hits the adder.
The adder is heavily wounded.
The adder bites you. x2
You shoot an arrow. The arrow misses the adder.
The adder closely misses you. The adder bites you.
You shoot an arrow. The arrow barely misses the adder.
You have got your breath back.
The adder bites you.
You die...

#....# #.# #....# ##..#
. #....# ##...# ..
#....# ##..# ...
##....#####..##
...##.<......)..#######
...........##.........#
...#.#.#.....#.........#
......S@#.#..#.........#
...#....#.#...##.#.#...#
#..#.#.##...........#
....#...###.#........#
#... .#.........##....#
..... ........#%.# #...#
.... ........#.### ....
.... .##..#.......####..
#. ####..>....#..


You could see an adder (berserk, agile).

Vanquished Creatures
  8 ball pythons
  3 endoplasms
  A giant cockroach (D:1)
  A goblin (D:2)
  2 hobgoblins
  2 jackals (D:1)
  A quokka (D:1)
  3 bats
  A rat (D:2)
22 creatures vanquished.

Notes
Turn   | Place    | Note
-------+----------+-------------------------------------------
     0 | D:1      | qw the Naga Hunter began the quest for the Orb.
     0 | D:1      | Reached XP level 1. HP: 19/19 MP: 1/1
     0 | D:1      | 0 ||| qw: Version: 0.2-a-122-gbc61b45
     0 | D:1      | 0 ||| qw: Game counter: 3636
     0 | D:1      | 0 ||| qw: Always use a shield: true
     0 | D:1      | 0 ||| qw: God list: Okawaru
     0 | D:1      | 0 ||| qw: Allow faded altars: false
     0 | D:1      | 0 ||| qw: Do Orc after D:15 true
     0 | D:1      | 0 ||| qw: Do second Lair branch before Depths: true
     0 | D:1      | 0 ||| qw: Lair rune preference: random
     0 | D:1      | 0 ||| qw: Plans: Normal
     0 | D:1      | 0 ||| PLANNING D:1-11
    26 | D:1      | 26 ||| INVOKING Spit Poison.
    63 | D:1      | 63 ||| INVOKING Spit Poison.
   132 | D:1      | 132 ||| INVOKING Spit Poison.
   204 | D:1      | 204 ||| INVOKING Spit Poison.
   379 | D:1      | 379 ||| INVOKING Spit Poison.
   475 | D:1      | Reached skill level 4 in Ranged Weapons
   475 | D:1      | Reached XP level 2. HP: 26/26 MP: 2/2
   487 | D:1      | 487 ||| INVOKING Spit Poison.
   578 | D:1      | 578 ||| INVOKING Spit Poison.
   582 | D:1      | 582 ||| INVOKING Spit Poison.
   607 | D:1      | 607 ||| INVOKING Spit Poison.
   610 | D:1      | 610 ||| INVOKING Spit Poison.
   615 | D:1      | 615 ||| INVOKING Spit Poison.
   621 | D:1      | 621 ||| INVOKING Spit Poison.
   641 | D:1      | 641 ||| INVOKING Spit Poison.
   827 | D:1      | 827 ||| UPGRADING to +0 cloak.
   832 | D:1      | 832 ||| READING scroll labelled WEOMAFAPOTEH.
   833 | D:1      | 833 ||| READING scroll labelled VOLIMP PIYLOSK.
   834 | D:1      | 834 ||| READING scroll labelled POIDON ILOEDGH.
   835 | D:1      | 835 ||| READING scroll labelled JEM HEIBIHIGIW.
   836 | D:1      | 836 ||| READING scroll labelled LEROAS CONGUN.
   937 | D:1      | 937 ||| DROPPING scroll of butterflies.
   961 | D:2      | 961 ||| INVOKING Spit Poison.
   977 | D:2      | 977 ||| INVOKING Spit Poison.
   980 | D:2      | 980 ||| INVOKING Spit Poison.
   996 | D:2      | 996 ||| INVOKING Spit Poison.
  1011 | D:2      | 1011 ||| INVOKING Spit Poison.
  1030 | D:2      | 1030 ||| INVOKING Spit Poison.
  1036 | D:2      | 1036 ||| INVOKING Spit Poison.
  1037 | D:2      | HP: 6/26 [adder (1)]
  1038 | D:2      | HP: 2/26 [adder (2)]
  1039 | D:2      | Slain by an adder

Levels and vault maps discovered:
D:1:      minmay_arrival_open_corners, layout_basic, minmay_bisected
D:2:      layout_rooms

Skill      XL: |  1 |
---------------+----+-----
Ranged Weapons | 4 |  4.4
Fighting       | |  2.0
Dodging        | |  1.5
Stealth        | |  1.5

Action                     || total
---------------------------++-------
   Fire: Shortbow          ||    50
Ability: Spit Poison       ||    20
    Use: Scroll            ||     5
 Armour: Leather armour    ||     3
  Dodge: Dodged            ||    17

Table legend:
 A = Non-vault XP
 B = Vault XP
 C = Vault XP percentage of total XP
 D = Non-vault monster count
 E = Vault monster count
 F = Vault count percentage of total count
                 A         B        C        D         E       F
            +---------+---------+-------+---------+---------+-------
      Total |      25 |       8 |  24.2 |      16 |       6 |  27.3
            +---------+---------+-------+---------+---------+-------
        D:1 |      16 |       8 |  33.3 |      10 |       6 |  37.5
        D:2 |       9 |       0 |   0.0 |       6 |       0 |   0.0
            +---------+---------+-------+---------+---------+-------
